AoeStats
← elefantenlümmel

Arena

508630291Analyzed
1v1 RM · 10d ago on Sep 23, 2026· 35m 27s· 2 players
Game mode
Random Map
Map size
Tiny (2 player)
Population
200
Speed
Normal
Resources
Standard
Victory
Conquest
Starting age
Dark Age
Ending age
Imperial Age
RankedLock teamsTeams togetherTeam positionsShared explorationLock speedFull tech treeHidden civsTurbo modeCheats
Victory
Defeat
🇨🇭 Cumans · Switzerland
1295
+17
🇹🇷 Lithuanians · Türkiye
1319
-17
elefantenlümmel
8:49 Feudal Age
9:19 Loom
9:28 Double-Bit Axe
10:02 Horse Collar
18:45 Castle Age
16:53 Loom
17:36 Town Watch
17:45 Stone Mining
18:45 Gold Mining
26:53 Imperial Age
24:46 Bloodlines
25:07 Bow Saw
26:15 Heavy Plow
27:29 Pikeman
32:23 Scale Barding Armor
32:19 Scale Mail Armor
32:29 Forging
mesutbakirci91
10:14 Feudal Age
14:45 Castle Age
13:12 Horse Collar
16:04 Double-Bit Axe
16:48 Heavy Plow
20:17 Wheelbarrow
26:14 Gold Mining
29:05 Imperial Age
26:21 Loom
27:03 Stone Mining
28:05 Fletching
28:21 Scale Barding Armor
29:11 Stone Shaft Mining
29:58 Masonry
30:56 Chain Barding Armor
31:31 Architecture
32:45 Bloodlines
33:23 Pikeman
34:31 Hand Cart
34:52 Squires
Connection lost

Rejoining the realm…

Still unreachable

The connection could not be restored.

Session expired

The server has moved on; the page needs a fresh start.